 Dungeon Crawl Stone Soup version 0.25-a0-834-g55863b0b92 (webtiles) character file.

Game seed: 5714208251398852918, levelgen mode: deterministic

8206 Nixze the Frost Mage (level 11, -9/123 HPs)
             Began as a Black Draconian Ice Elementalist on Apr 23, 2020.
             Was a Priest of Vehumet.
             Mangled by a freezing wraith (18 damage)
             ... on level 10 of the Dungeon.
             The game lasted 00:35:54 (12654 turns).

Nixze the Frost Mage (DrIE)                        Turns: 12654, Time: 00:35:54

Health: -9/123     AC: 11    Str: 12    XL:     11   Next: 6%
Magic:  18/18      EV: 18    Int: 21    God:    Vehumet [***...]
Gold:   426        SH:  0    Dex: 16    Spells: 14/22 levels left

rFire    . . .     SeeInvis .   G - +7 trident of the Manifold Beds {flame, MR- Dex+4}
rCold    . . .     Gourm    .   (no shield)
rNeg     . . .     Faith    .   (armour unavailable)
rPois    .         Spirit   .   (helmet restricted)
rElec    +         Reflect  .   r - +0 cloak
rCorr    .         Harm     .   (no gloves)
MR       .....                  s - +2 pair of boots
Stlth    ..........             (no amulet)
HPRegen  0.30/turn              x - ring of flight
MPRegen  0.16/turn              k - +3 ring of evasion

@: berserking, silence, slowed, heavily drained
A: breathe lightning, unfitting armour, clever 1, frail 1, low mp 1, electricity
resistance, strong 1, cold-blooded, AC +7
a: Breathe Lightning, Renounce Religion, Evoke Flight


You were on level 10 of the Dungeon.
You worshipped Vehumet.
Vehumet was most pleased with you.
You were not hungry.

You visited 2 branches of the dungeon, and saw 11 of its levels.
You also visited: Bailey.

You collected 689 gold pieces.
You spent 263 gold pieces at shops.

Inventory:

Hand Weapons
 G - the +7 trident of the Manifold Beds (weapon) {flame, MR- Dex+4}
   (You bought it in a shop on level 5 of the Dungeon)

   It has been specially enchanted to burn those struck by it, causing extra
   injury to most foes and up to half again as much damage against particularly
   susceptible opponents.
   It affects your dexterity (+4).
   It affects your resistance to hostile enchantments.
Missiles
 c - 116 sling bullets
 g - 2 throwing nets
 h - 211 stones
 o - 36 poisoned darts
 p - 9 boomerangs
 A - 6 silver javelins (quivered)
 J - 8 curare-tipped darts
 N - 10 datura-tipped darts
Armour
 r - a +0 cloak (worn)
 s - a +2 pair of boots (worn)
Jewellery
 f - an uncursed ring of fire
 k - a +3 ring of evasion (right hand)
 x - a ring of flight (left hand)
 L - the ring "Rekkeng" {*Drain +Inv rN+ Str+6}
   (You found it on level 10 of the Dungeon)

   [ring of positive energy]

   It affects your strength (+6).
   It protects you from negative energy.
   It lets you turn invisible.
   It causes draining when unequipped.
Wands
 d - a wand of acid (11)
 y - a wand of iceblast (5)
 E - a wand of paralysis (12)
 H - a wand of disintegration (2)
Scrolls
 a - a scroll of immolation {unknown}
 e - 8 scrolls of identify
 i - a scroll of fog
 q - 2 scrolls of amnesia
 u - a scroll of teleportation
 B - 2 scrolls of enchant weapon
 M - 3 scrolls of remove curse
 P - a scroll of noise {unknown}
 Q - 2 scrolls of enchant armour {unknown}
Potions
 j - 2 potions of brilliance
 l - 2 potions of might {unknown}
 m - 5 potions of curing
 n - 2 potions of resistance {unknown}
 t - a potion of berserk rage
 v - a potion of degeneration {unknown}
 w - 2 potions of haste {unknown}
 z - 3 potions of heal wounds {unknown}
 C - 3 potions of mutation
 D - a potion of ambrosia {unknown}
 F - 3 potions of invisibility {unknown}
 I - 2 potions of stabbing {unknown}
 O - 2 potions of flight {unknown}
Comestibles
 b - 18 rations
 R - 8 chunks of flesh


   Skills:
 + Level 7.1(5.3) Fighting
 + Level 5.4(3.6) Polearms
 + Level 6.3(4.5) Dodging
 - Level 1.7(0.1) Stealth
 + Level 6.4(4.6) Spellcasting
 + Level 4.4(2.7) Conjurations
 * Level 11.1(9.0) Ice Magic


You had 14 spell levels left.
You knew the following spells:

 Your Spells              Type           Power        Failure   Level  Hunger
a - Freeze                Ice            ####         1%          1    None
b - Frozen Ramparts       Ice            #####.       1%          3    ##.....
c - Hailstorm             Conj/Ice       ####....     2%          4    ####...

Your spell library contained the following spells:

 Spells                   Type           Power        Failure   Level  Hunger
 Stone Arrow              Conj/Erth      ##....       5%          3    ##.....
 Ozocubu's Armour         Chrm/Ice       ###.....     5%          3    ##.....
 Summon Small Mammal      Summ           #...         12%         1    None
 Call Imp                 Summ           #.......     17%         2    #......
 Summon Ice Beast         Ice/Summ       ###.....     17%         4    ####...
 Call Canine Familiar     Summ           #.......     34%         3    ##.....
 Summon Guardian Golem    Hex/Summ       #.......     34%         3    ##.....
 Summon Lightning Spire   Summ/Air       #.......     75%         4    ####...


Dungeon Overview and Level Annotations

Branches:
Dungeon (10/15)            Temple (1/1) D:7          Bailey (visited)
   Lair: D:8-11         Orc: D:9-12

Altars:
Ashenzari
Cheibriados
Dithmenos
Elyvilon
Fedhas
Gozag
Hepliaklqana
Kikubaaqudgha
Makhleb
Nemelex Xobeh
Okawaru
Qazlal
Ru
Sif Muna
Trog
Uskayaw
Vehumet
Wu Jian
Xom
Yredelemnul
Zin
The Shining One

Shops:
D:5 (   D:8 *


Innate Abilities, Weirdness & Mutations

You can breathe wild blasts of lightning.
Your glossy black scales are hard. (AC +7)
You cannot fit into any form of body armour.
You are resistant to electric shocks. (rElec)
You are cold-blooded and may be slowed by cold attacks.
Your mind is acute. (Int +2)
You are frail. (-10% HP)
Your magical capacity is low. (-10% MP)
Your muscles are strong. (Str +2)


Message History

The frozen ramparts melt away.
The freezing wraith barely misses you.
The freezing wraith completely misses you.
The freezing wraith barely misses you.
The freezing wraith hits you but does no damage.
As you read the scroll labeled EDUKHU NIDULAEB, it crumbles to dust.
A profound silence engulfs you.
It was a scroll of silence.
The freezing wraith completely misses you.
The freezing wraith misses you.
Okay, then.
It was a potion of berserk rage.
A red film seems to cover your vision as you go berserk!
You feel yourself moving faster!
You feel mighty! The freezing wraith misses you.
The freezing wraith closely misses you. The freezing wraith barely misses you.
The freezing wraith misses you.
You barely miss the freezing wraith.
The freezing wraith is moderately damaged.
The freezing wraith hits you.
* * * LOW HITPOINT WARNING * * *
The freezing wraith freezes you!!
You die...

....## #...........
.#....# #...........
.....###...........
##....##...........
#.....#####........
#.#....###........
#........#........ }Z
#.)........######. o.#
#@.#.#.......####. #.#
#W###.#.#.))....##.
#.#.#.##.#.#.#).......
#.# #.(.........(....
#.#.#.##.#.#.#.(((....
#.#
#.###.#.#[..).(....
..# #..#.#.......##...
). #..........#.(....
##...))..####..(..


You could see a freezing wraith.

Vanquished Creatures
  A faun (shapeshifter) (D:10)
  An orc sorcerer (D:9)
  A centaur zombie (D:9)
  Maurice (D:8)
  Joseph (D:7)
  An efreet (D:10)
  A queen bee (D:8)
  A troll (D:9)
  A hippogriff (D:7)
  Sigmund (D:6)
  4 yaks (D:10)
  Menkaure (D:4)
  A water moccasin (D:7)
  Edmund (D:4)
  An eye of draining (D:8)
  6 orc warriors
  3 sky beasts
  An ice beast (D:6)
  3 ogres
  3 centaurs
  3 big kobolds
  4 bullfrogs
  A gnoll sergeant (D:8)
  2 scorpions (D:8)
  21 killer bees
  2 howler monkeys
  3 crimson imps (D:5)
  A bullfrog zombie (D:9)
  4 hounds
  2 jellies
  3 centaur skeletons
  A gnoll shaman (D:5)
  An orc priest (D:10)
  3 bullfrog skeletons
  Jessica (D:3)
  5 orc wizards
  5 worker ants
  A killer bee zombie (D:5)
  A hound skeleton (D:10)
  A hound zombie (D:5)
  A worker ant zombie (D:6)
  8 gnolls
  10 adders
  A shadow imp (D:5)
  2 adder zombies
  An adder skeleton (D:6)
  A worm (D:2)
  A dart slug (D:1)
  5 leopard geckos
  29 orcs
  8 bats
  5 giant cockroaches
  7 hobgoblins
  16 jackals
  5 quokkas
  2 ball pythons
  8 frilled lizards
  9 goblins
  28 kobolds
  A leopard gecko skeleton (D:2)
  10 rats
257 creatures vanquished.

Notes
Turn   | Place    | Note
-------+----------+-------------------------------------------
     0 | D:1      | Nixze the Draconian Ice Elementalist began the quest for
                  | the Orb.
     0 | D:1      | Reached XP level 1. HP: 14/14 MP: 3/3
   222 | D:1      | Reached XP level 2. HP: 2/20 MP: 1/5
  1271 | D:1      | Reached skill level 5 in Ice Magic
  1440 | D:1      | Reached XP level 3. HP: 26/26 MP: 3/6
  1492 | D:1      | Learned a level 3 spell: Frozen Ramparts
  2080 | D:2      | Reached XP level 4. HP: 33/33 MP: 1/7
  2291 | D:2      | Reached skill level 6 in Ice Magic
  2550 | D:2      | Reached XP level 5. HP: 39/39 MP: 3/8
  2839 | D:3      | Reached skill level 1 in Fighting
  3504 | D:3      | Found an ancient bone altar of Kikubaaqudgha.
  3504 | D:3      | Found a shattered altar of Ashenzari.
  3504 | D:3      | Found a snail-covered altar of Cheibriados.
  3740 | D:3      | Noticed Jessica
  3743 | D:3      | Killed Jessica
  3755 | D:3      | Reached XP level 6. HP: 47/47 MP: 5/9
  3950 | D:3      | Found a shadowy altar of Dithmenos.
  4474 | D:4      | Found a glowing silver altar of Zin.
  4696 | D:4      | Noticed Edmund
  4704 | D:4      | Killed Edmund
  4961 | D:4      | Noticed Menkaure
  4984 | D:4      | Killed Menkaure
  4984 | D:4      | Reached skill level 7 in Ice Magic
  4984 | D:4      | Your scales start taking on a glossy black colour.
  4984 | D:4      | Reached XP level 7. HP: 13/56 MP: 2/11
  4984 | D:4      | Gained mutation: You are resistant to electric shocks.
                  | (rElec) [Black Draconian growth]
  5400 | D:5      | Entered Level 5 of the Dungeon
  5952 | D:5      | Found an opulent altar of Gozag.
  6462 | D:5      | Found Fiexiong's Antique Weapon Shoppe.
  6466 | D:5      | Found a bloodstained altar of Trog.
  6475 | D:5      | Bought a warped trident for 263 gold pieces
  6475 | D:5      | Identified the +7 trident of the Manifold Beds {flame, MR-
                  | Dex+4} (You bought it in a shop on level 5 of the Dungeon)
  6583 | D:5      | Reached skill level 8 in Ice Magic
  6583 | D:5      | Reached XP level 8. HP: 56/64 MP: 13/13
  7157 | D:6      | Found a shimmering blue altar of Sif Muna.
  7533 | D:6      | Noticed Sigmund
  7551 | D:6      | Killed Sigmund
  7551 | D:6      | Reached skill level 1 in Polearms
  8362 | D:7      | Found a staircase to the Ecumenical Temple.
  8378 | Temple   | Entered the Ecumenical Temple
  8399 | Temple   | Became a worshipper of Vehumet
  8429 | D:7      | Found a flagged portal.
  8444 | Bailey   | Entered a bailey
  8581 | Bailey   | Identified the +4 hand axe "Essewo" {venom, rElec rF+ rN+
                  | MR-}
  8625 | Bailey   | Reached skill level 9 in Ice Magic
  8696 | Bailey   | Reached XP level 9. HP: 71/73 MP: 15/15
  8718 | Bailey   | Learned a level 4 spell: Hailstorm
  8953 | D:7      | Noticed Joseph
  8967 | D:7      | Killed Joseph
  8967 | D:7      | Reached skill level 5 in Fighting
  8967 | D:7      | Reached skill level 1 in Conjurations
  9250 | D:7      | Found a glowing golden altar of the Shining One.
  9358 | D:7      | Reached skill level 5 in Spellcasting
  9467 | D:7      | Reached skill level 5 in Dodging
  9467 | D:7      | Reached * piety under Vehumet
  9467 | D:7      | Offered knowledge of Shock by Vehumet.
  9616 | D:7      | Found a sacrificial altar of Ru.
 10224 | D:8      | Found Qalicyt's Mass Market.
 10527 | D:8      | Reached skill level 10 in Ice Magic
 10599 | D:8      | Reached XP level 10. HP: 81/83 MP: 15/18
 10613 | D:8      | Reached ** piety under Vehumet
 10638 | D:8      | Offered knowledge of Magic Dart by Vehumet.
 10690 | D:8      | Noticed Maurice
 10694 | D:8      | Killed Maurice
 11489 | D:9      | Noticed an orc sorcerer
 11550 | D:9      | Paralysed by an orc sorcerer for 4 turns
 11551 | D:9      | Killed an orc sorcerer
 11551 | D:9      | Reached skill level 5 in Polearms
 11849 | D:9      | Found a basalt altar of Yredelemnul.
 11907 | D:10     | Entered Level 10 of the Dungeon
 11933 | D:10     | Offered knowledge of Stone Arrow by Vehumet.
 12202 | D:10     | Reached skill level 11 in Ice Magic
 12418 | D:10     | Noticed a deep troll
 12418 | D:10     | a swamp worm changed into a deep troll
 12431 | D:10     | Noticed a faun
 12431 | D:10     | a deep troll changed into a faun
 12442 | D:10     | Killed a faun
 12442 | D:10     | Reached XP level 11. HP: 86/92 MP: 20/20
 12484 | D:10     | Reached *** piety under Vehumet
 12497 | D:10     | Got a twitching marble ring
 12502 | D:10     | Got a scorched hand axe
 12603 | D:10     | Identified the ring "Rekkeng" {*Drain +Inv rN+ Str+6} (You
                  | found it on level 10 of the Dungeon)
 12606 | D:10     | Identified the cursed +3 hand axe of Xom's Benevolence
                  | {vorpal, Dex+6} (You found it on level 10 of the Dungeon)
 12651 | D:10     | Gained mutation: Your magical capacity is low. (-10% MP)
                  | [potion of mutation]
 12651 | D:10     | Gained mutation: Your muscles are strong. (Str +2) [potion
                  | of mutation]
 12651 | D:10     | Gained mutation: You are frail. (-10% HP) [potion of
                  | mutation]
 12651 | D:10     | Gained mutation: Your mind is acute. (Int +2) [potion of
                  | mutation]
 12654 | D:10     | Mangled by a freezing wraith

Levels and vault maps discovered:
D:1:      onia_arrival_mini_maze, layout_loops_ring, minmay_tetromino_l4
D:2:      layout_rooms, minivault_11
D:3:      layout_basic, gammafunk_temple_overflow_forgotten,
          grunt_dithmenos_smoke, uniq_jessica
D:4:      layout_loops_ring, zin_statuary, first_ration, kennysheep_dice,
          uniq_edmund, uniq_menkaure
D:5:      layout_basic, lemuel_crystal_altar, overflow_temple_1_default,
          serial_shops, shop
D:6:      layout_loops_corners, kennysheep_mini, uniq_sigmund
D:7:      layout_basic, nicolae_ru_awakened_eye, kennysheep_little_box,
          minmay_temple_entry_offerings, enter_bailey_2, uniq_joseph
D:8:      lemuel_ice_spiral_2, layout_basic, david_nohive_1, minmay_shop_mass,
          uniq_maurice
D:9:      cheibrodos_wizards_tower, layout_loops_ring,
          lemuel_coloured_pillars_altar
D:10:     minmay_the_grid_four_pointed_star_mashed
          [minmay_the_grid_triangle_9x9_fully_insulated_deathbox,
          minmay_the_grid_triangle_9x9_minimal,
          minmay_the_grid_triangle_9x9_skeleton,
          minmay_the_grid_triangle_9x9_corruption,
          minmay_the_grid_prize_four_corners_diamond_b], layout_basic
Temple:   minmay_temple_bridge_abc

Skill      XL: |  1  2  3  4  5  6  7  8  9 10 |
---------------+-------------------------------+-----
Ice Magic      | 5 6 7 8 9 10 11 | 11.1
Dodging        | 2 3 4 5 6 |  6.3
Fighting       | 1 2 3 4 5 7 |  7.1
Spellcasting   | 3 4 5 6 |  6.4
Polearms       | 2 4 5 |  5.4
Conjurations   | 2 4 |  4.4
Stealth        | |  1.7

Action                   |  1- 3 |  4- 6 |  7- 9 | 10-12 || total
-------------------------+-------+-------+-------+-------++-------
Melee: Whip              |    18 |    37 |    51 |       ||   106
       Tailslap          |     3 |     5 |    15 |    14 ||    37
       Trident           |       |       |   179 |   120 ||   299
Throw: Stone             |    17 |    86 |    67 |       ||   170
       Dart              |       |     5 |     2 |       ||     7
       Javelin           |       |       |       |     6 ||     6
 Cast: Freeze            |    49 |    54 |    66 |     6 ||   175
       Frozen Ramparts   |     4 |    23 |    36 |    17 ||    80
       Hailstorm         |       |       |       |     2 ||     2
 Abil: Breathe Lightning |       |       |     4 |       ||     4
Evoke: Wand              |       |       |       |     2 ||     2
  Use: Scroll            |       |     1 |     6 |     6 ||    13
       Potion            |       |     1 |       |     2 ||     3
 Stab: Sleeping          |       |       |     1 |     8 ||     9
  Eat: Chunk             |     5 |     8 |    15 |     4 ||    32
       Ration            |       |     1 |     2 |     1 ||     4
Armor: Skin              |    17 |    15 |    75 |    23 ||   130
Dodge: Dodged            |    35 |    48 |   232 |   112 ||   427

Table legend:
 A = Non-vault XP
 B = Vault XP
 C = Vault XP percentage of total XP
 D = Non-vault monster count
 E = Vault monster count
 F = Vault count percentage of total count
                 A         B        C        D         E       F
            +---------+---------+-------+---------+---------+-------
      Total |    6586 |    5137 |  43.8 |     209 |      48 |  18.7
            +---------+---------+-------+---------+---------+-------
        D:1 |      39 |       4 |   9.3 |      24 |       3 |  11.1
        D:2 |     172 |       0 |   0.0 |      35 |       0 |   0.0
        D:3 |     132 |      37 |  21.9 |      21 |       1 |   4.5
        D:4 |      95 |     320 |  77.1 |       7 |       4 |  36.4
        D:5 |     745 |       0 |   0.0 |      23 |       0 |   0.0
        D:6 |     690 |     223 |  24.4 |      16 |       1 |   5.9
        D:7 |     995 |     397 |  28.5 |      20 |       1 |   4.8
        D:8 |    1188 |    1740 |  59.4 |      22 |      18 |  45.0
        D:9 |    1372 |     554 |  28.8 |      20 |       1 |   4.8
       D:10 |    1158 |    1438 |  55.4 |      21 |       5 |  19.2
     Bailey |       0 |     424 | 100.0 |       0 |      14 | 100.0
            +---------+---------+-------+---------+---------+-------
